 Dungeon Crawl Stone Soup version 0.31-a0-277-g31ea1f65cc (webtiles) character file.

Game seed: 14844151564917694542

51 porpoise the Shooter (level 4, -14/27 HPs)
             Began as a Kobold Hunter on July 16, 2023.
             Killed by divine providence
             ... invoked by an orc priest
              (15 damage)
             ... on level 3 of the Dungeon.
             The game lasted 00:04:44 (2208 turns).

porpoise the Shooter (Kobold Hunter)                Turns: 2208, Time: 00:04:44

Health: -14/27     AC:  6    Str:  8    XL:     4   Next: 7%
Magic:  4/4        EV: 14    Int: 10    God:
Gold:   124        SH:  0    Dex: 20    Spells: 3/3 levels left

rFire   . . .        a - +0 shortbow
rCold   + . .        (shield currently unavailable)
rNeg    . . .        c - +0 leather armour
rPois   .            k - +1 helmet
rElec   .            (no cloak)
rCorr   .            r - +0 pair of gloves
SInv    .            (no boots)
Will    .....        (no amulet)
Stlth   +++          g - ring of protection from cold
HPRegen 0.24/turn    (no ring)
MPRegen 0.09/turn

%: no passive effects
@: no status effects
A: small, no large weapons, nightstalker 3
a: no special abilities


You were on level 3 of the Dungeon.
You visited 1 branch of the dungeon, and saw 3 of its levels.

You collected 190 gold pieces.
You spent 66 gold pieces at shops.

Inventory:

Hand Weapons
 a - a +0 shortbow (weapon)
Armour
 c - a +0 leather armour (worn)
 k - a +1 helmet (worn)
 q - the +0 ring mail "Qeraan" {rC+ Str+3}
   (You found it on level 2 of the Dungeon)

   Str:       It affects your strength (+3).
   rC:        It protects you from cold.
 r - a +0 pair of gloves (worn)
Jewellery
 g - a ring of protection from cold (left hand)
Talismans
 d - a beast talisman
Wands
 j - a wand of iceblast (8)
Scrolls
 b - a scroll of butterflies
 e - 2 scrolls of teleportation
 f - a scroll of enchant armour {unknown}
 h - 2 scrolls of identify
 l - a scroll of fog {unknown}
 n - a scroll of immolation {unknown}
 o - a scroll of torment {unknown}
 p - a scroll of silence {unknown}
Potions
 i - a potion of curing
 m - a potion of heal wounds


   Skills:
 + Level 2.8 Fighting
 * Level 6.3 Ranged Weapons
 - Level 2.4 Dodging
 + Level 2.7 Stealth


You had 3 spell levels left.
You didn't know any spells.
Your spell library contained the following spells:

 Spells                   Type           Power      Damage    Failure   Level
 Apportation              Tloc           0%         N/A       50%         1
 Necrotise                Necr           0%         1d4       50%         1
 Summon Small Mammal      Summ           0%         N/A       50%         1
 Ensorcelled Hibernation  Hex/Ice        0%         N/A       63%         2
 Sublimation of Blood     Necr           0%         N/A       63%         2
 Wereblood                Tmut           0%         N/A       63%         2
 Anguish                  Hex/Necr       0%         N/A       99%         4
 Summon Hydra             Summ           0%         N/A       100%        7


Dungeon Overview and Level Annotations

Branches:
Dungeon (3/15)

Altars:
Ru

Shops:
D:1 *   D:2 (


Innate Abilities, Weirdness & Mutations

You are small and have problems with some larger weapons.
You are completely attuned to the shadows.


Message History

Found a dagger.
An orc priest comes into view. It is wielding a +0 whip.
You shoot an arrow.
The arrow hits the orc priest but does no damage.
The orc priest calls down the wrath of Beogh upon you.
Beogh smites you!
You hear a shout!
You shoot an arrow. The arrow hits the orc priest!
The orc priest is heavily wounded.
You hear a shout!
The orc priest begins to cast a cantrip, but forgets the words!
The orc priest mumbles some strange prayers to Beogh against you.
Pain shoots through your body!
You are too injured to fight recklessly!
You are too injured to fight recklessly!
You are too injured to fight recklessly!
Fire: a) +0 shortbow
Press: ? - help, Q - select action, (/) - cycle Shift-Dir - straight line, f/p - orc priest
Aim: an orc priest, wielding a +0 whip and wearing a +0 scale mail (heavily wounded, 69% to hit)
You shoot an arrow. The arrow hits the orc priest.
The orc priest is severely wounded.
An orc comes into view. It is wielding a +0 war axe.
Fire: a) +0 shortbow
Press: ? - help, Q - select action, (/) - cycle Shift-Dir - straight line, f/p - orc priest
Aim: an orc priest, wielding a +0 whip and wearing a +0 scale mail (severely wounded, 69% to hit)
You shoot an arrow.
The arrow hits the orc priest but does no damage.
The orc priest is severely wounded.
The orc priest mumbles some strange prayers to Beogh against you.
Pain shoots through your body!
* * * LOW HITPOINT WARNING * * *
Fire: a) +0 shortbow
Press: ? - help, Q - select action, (/) - cycle Shift-Dir - straight line, f/p - orc priest
Aim: an orc priest, wielding a +0 whip and wearing a +0 scale mail (severely wounded, 69% to hit)
You shoot an arrow.
The arrow closely misses the orc priest.
The orc priest mumbles some strange prayers to Beogh against you.
Beogh smites you!
Ouch! That really hurt!
You die...

.####.....
......
......
###..# ...
..#. #..#
.. o...
#..#.
#o#....
....#.
#......
....#.
#.@....
.#####
#......
###......
## ####.
.#........
......#.
.......).#
#.##.##.#.
.....#...#
.#.#...#.#.
.....####.
...._.....
.#......).
#.#...#.#.
#...#####
#.##.##.#.


You could see an orc priest and an orc.

Vanquished Creatures
  An adder (D:2)
  A worm (D:2)
  2 dart slugs (D:1)
  5 ball pythons
  2 bats
  An endoplasm (D:1)
  8 giant cockroaches
  A goblin (D:2)
  2 hobgoblins (D:2)
  2 jackals (D:2)
  4 frilled lizards
  A kobold (D:1)
  2 rats
32 creatures vanquished.

Notes
Turn   | Place    | Note
-------+----------+-------------------------------------------
     0 | D:1      | porpoise the Kobold Hunter began the quest for the Orb.
     0 | D:1      | Reached XP level 1. HP: 12/12 MP: 1/1
    32 | D:1      | Found Puante's Assorted Antiques.
   346 | D:1      | Reached XP level 2. HP: 6/18 MP: 2/2
   852 | D:2      | Reached XP level 3. HP: 22/22 MP: 3/3
  1250 | D:2      | Reached skill level 6 in Ranged Weapons
  1444 | D:2      | Found Xesewut's Weapon Emporium.
  1634 | D:1      | Bought a scroll labelled NEROOH FAUCLEY for 22 gold pieces
  1634 | D:1      | Bought a scroll labelled SERIUM MAQUPS for 22 gold pieces
  1634 | D:1      | Bought a scroll labelled ZEAJOA XASEMN for 22 gold pieces
  1749 | D:2      | Reached XP level 4. HP: 25/27 MP: 4/4
  1762 | D:2      | Identified the +0 ring mail "Qeraan" {rC+ Str+3}
  2165 | D:3      | Found a sacrificial altar of Ru.
  2207 | D:3      | HP: 1/27 [orc priest/nerve-wracking pain (12)]
  2208 | D:3      | Killed from afar by an orc priest

Illustrated notes

Levels and vault maps discovered:
D:1:      tarquinn_simple_flora_water_f, layout_basic, serial_shops,
          nicolae_shop_window_shopping, minivault_25, grunt_decor_arrowhead,
          minmay_worlds_worst_comb
D:2:      layout_basic, serial_shops, nicolae_shop_tiny_statue_garden
D:3:      layout_rooms, nicolae_ru_sacrificial_ziggurat, minmay_misc_feat_roman,
          grunt_decor_cap

Skill      XL: |  1  2  3 |
---------------+----------+-----
Stealth        | 2 |  2.7
Ranged Weapons | 6 |  6.3
Fighting       | |  2.8
Dodging        | |  2.4

Action                     |  1- 3 |  4- 6 || total
---------------------------+-------+-------++-------
   Fire: Shortbow          |    79 |    18 ||    97
    Use: Scroll            |       |     3 ||     3
 Armour: Leather armour    |     8 |     1 ||     9
  Dodge: Dodged            |    28 |     6 ||    34

Table legend: (Time is in decaauts)
 A = Elapsed time spent in this place.
 B = Non-inter-level travel time spent in this place.
 C = Inter-level travel time spent in this place.
 D = Time resting spent in this place.
 E = Time spent auto-exploring this place.
 F = Levels seen in this place.
 G = Mean time per level.
                   A        B        C        D        E       F      G
               +--------+--------+--------+--------+--------+-----+--------+
         Total |   2224 |   1985 |    239 |     48 |   1703 |   3 |  741.3 |
       Dungeon |   2224 |   1985 |    239 |     48 |   1703 |   3 |  741.3 |
               +--------+--------+--------+--------+--------+-----+--------+

Top non-repeatable levels by time:
     D:2: 1196 daAuts
     D:1: 874 daAuts
     D:3: 153 daAuts
